 Dungeon Crawl Stone Soup version 0.31-a0-965-g8a8ce12e04 (webtiles) character file.

Game seed: 18000468017447710445

9232 Newt the Spear-Bearer (level 11, -4/81 HPs)
             Began as a Merfolk Gladiator on Oct 26, 2023.
             Was a Priest of Hepliaklqana.
             Slain by a komodo dragon (26 damage)
             ... on level 11 of the Dungeon.
             The game lasted 00:14:49 (10990 turns).

Newt the Spear-Bearer (Merfolk Gladiator)          Turns: 10990, Time: 00:14:50

Health: -4/81      AC:  6    Str: 21    XL:     11   Next: 43%
Magic:  0/14       EV: 17    Int: 12    God:    Hepliaklqana [***...]
Gold:   1160       SH:  4    Dex: 19    Spells: 10/10 levels left

rFire   + + .        C - +6 trident
rCold   + . .        (no shield)
rNeg    . . .        b - +0 leather armour
rPois   .            c - +1 helmet
rElec   +            m - scarf of Untegax {rC+ rF+, -Cast +Blink rElec Stlth+}
rCorr   +            P - +0 pair of gloves
SInv    +            (no boots)
Will    .....        y - amulet of guardian spirit
Stlth   +++++        x - ring "Wayptas" {rCorr Int+6 Stlth+}
HPRegen 0.33/turn    B - ring of see invisible
MPRegen 0.14/turn

%: no spellcasting, guardian spirit
@: no status effects
A: reduced essence, (nimble swimmer 2), mertail, large bone plates 1, agile 1,
fire resistance 1, strong 1
a: Renounce Religion, Evoke Blink, Recall Ancestor, Ancestor Identity,
Transference


You were on level 11 of the Dungeon.
You worshipped Hepliaklqana.
Hepliaklqana was most pleased with you.
You visited 2 branches of the dungeon, and saw 12 of its levels.
You also visited: Sewer and Ossuary.

You collected 1244 gold pieces.
You spent 84 gold pieces at shops.

Inventory:

Hand Weapons
 a - a +0 vampiric trident
 e - a +1 heavy spear
 C - a +6 trident (weapon)
Armour
 b - a +0 leather armour (worn)
 c - a +1 helmet (worn)
 m - the scarf of Untegax (worn) {rC+ rF+, -Cast +Blink rElec Stlth+}
   (You found it on level 2 of the Dungeon)

   rElec:     It insulates you from electricity.
   +Blink:    It lets you blink.
   -Cast:     It prevents spellcasting.
   Stlth+:    It makes you more stealthy.
 H - a +0 cloak
 P - a +0 pair of gloves (worn)
Jewellery
 i - an amulet of faith
 x - the ring "Wayptas" (left hand) {rCorr Int+6 Stlth+}
   (You found it on level 4 of the Dungeon)

   [ring of intelligence]

   Int+6:     It affects your intelligence (+6).
   rCorr:     It protects you from acid and corrosion.
   Stlth+:    It makes you more stealthy.
 y - an amulet of guardian spirit (around neck)
 A - a ring of flight
 B - a ring of see invisible (right hand)
 N - an amulet of magic regeneration
Talismans
 E - a beast talisman
Wands
 d - a wand of mindburst (10)
 z - a wand of charming (14)
 J - a wand of polymorph (10)
 K - a wand of acid (7)
 L - a wand of flame (20)
 O - a wand of roots (4)
 S - a wand of digging (5)
Scrolls
 g - 6 scrolls of teleportation
 p - 2 scrolls of immolation
 v - a scroll of blinking
 w - 4 scrolls of fog
 D - 2 scrolls of fear
 G - a scroll of revelation
 I - a scroll of vulnerability {unknown}
 M - a scroll of silence {unknown}
 Q - 4 scrolls of identify
 R - a scroll of brand weapon
Potions
 f - a potion of ambrosia
 h - 5 potions of mutation
 j - 3 potions of curing
 k - 10 potions of enlightenment
 l - 2 potions of brilliance {unknown}
 n - a potion of cancellation
 o - a potion of heal wounds
 q - a potion of haste
 r - 2 potions of attraction
 s - 3 potions of degeneration
 t - 2 potions of might {unknown}
 u - 2 potions of berserk rage
 F - a potion of resistance {unknown}


   Skills:
 - Level 10.0 Fighting
 - Level 14.0 Polearms
 - Level 2.0 Throwing
 - Level 9.0 Dodging
 - Level 6.0 Stealth
 + Level 4.9 Invocations
 - Level 5.0 Evocations
 - Level 3.7 Shapeshifting


You had 10 spell levels left.
You didn't know any spells.
Your spell library contained the following spells:

 Spells                   Type           Power      Damage    Failure   Level
 Apportation              Tloc           0%         N/A       36%         1
 Freeze                   Ice            0%         1d3       36%         1
 Magic Dart               Conj           0%         1d3       36%         1
 Jinxbite                 Hex            0%         N/A       50%         2
 Searing Ray              Conj           0%         2d4       50%         2
 Frozen Ramparts          Ice            0%         1d1       75%         3
 Hailstorm                Conj/Ice       0%         3d3       75%         3
 Ignite Poison            Fire/Tmut/Pois 0%         N/A       75%         3
 Inner Flame              Hex/Fire       0%         N/A       75%         3
 Flame Wave               Conj/Fire      0%         2d4       98%         4
 Fulminant Prism          Conj/Hex       0%         3d5       98%         4
 Leda's Liquefaction      Hex/Erth       0%         N/A       98%         4
 Sticky Flame             Conj/Fire      0%         2d3       98%         4
 Alistair's Intoxication  Tmut/Pois      0%         N/A       100%        5
 Lee's Rapid Deconstruct  Erth           0%         3d4*      100%        5
 Metabolic Englaciation   Hex/Ice        0%         N/A       100%        5
 Bombard                  Conj/Erth      0%         9d1       100%        6
 Ignition                 Fire           0%         3d3       100%        8


Dungeon Overview and Level Annotations

Branches:
Dungeon (11/15)            Temple (1/1) D:4            Lair (0/5) D:9
    Orc (0/2) D:9           Sewer (visited)         Ossuary (visited)

Altars:
Ashenzari
Cheibriados
Dithmenos
Elyvilon
Fedhas
Gozag
Hepliaklqana
Kikubaaqudgha
Makhleb
Nemelex Xobeh
Okawaru
Qazlal
Ru
Sif Muna
Trog
Uskayaw
Vehumet
Wu Jian
Xom
Yredelemnul
Zin
The Shining One

Shops:
D:1 [   D:3 :(*

Portals:
Abyss: D:4

Annotations:
D:4 2 transporters, GreenGuy14's ghost, amateur MiGl


Innate Abilities, Weirdness & Mutations

Your life essence is reduced to manifest your ancestor. (-10% HP)
((You are very nimble when in or above water. (Stealth+, EV+, Speed+++)))
Your lower body shifts to a powerful aquatic tail in water.
You are partially covered in large bone plates. (SH +4)
You are agile. (Dex +4, Str/Int -1)
Your flesh is heat resistant. (rF+)
Your muscles are strong. (Str +4, Int/Dex -1)


Message History

The komodo dragon hisses menacingly.
Numeria blocks the komodo dragon's attack.
Numeria barely misses the komodo dragon.
Unknown command.
You hit the boulder beetle.
You punch the boulder beetle, but do no damage.
The boulder beetle is almost dead.
The boulder beetle bites you!!
* * * LOW HITPOINT WARNING * * *
Unknown command.
You feel much better.
The komodo dragon bites Numeria!
Numeria barely misses the komodo dragon.
The boulder beetle completely misses you.
Aiming: Corrosive Bolt
Press: ? - help, Shift-Dir - straight line, f/p - boulder beetle
Aim: a boulder beetle (almost dead, 100% to hit)
The bolt of acid hits the boulder beetle.
The acid corrodes the boulder beetle!
The boulder beetle is almost dead.
The komodo dragon bites Numeria!!
Numeria is destroyed!
The boulder beetle bites you but does no damage.
Unknown command.
You barely miss the boulder beetle.
The boulder beetle is almost dead.
You completely miss the boulder beetle.
The boulder beetle is almost dead.
The boulder beetle bites you but does no damage.
The komodo dragon closely misses you.
You hit the boulder beetle.
The boulder beetle is almost dead.
You completely miss the boulder beetle. You punch the boulder beetle.
The boulder beetle is almost dead.
The boulder beetle leaps!
The komodo dragon closely misses you.
You hit the komodo dragon but do no damage.
The komodo dragon is lightly wounded.
You puncture the komodo dragon!
The komodo dragon is moderately wounded.
The komodo dragon bites you!!
You die...

.............
.###...........#
..............#
.............##
..............#+
...............##
.......l........#..
......°@..$.......#
.................#
.......#........#
.....###..B....##
....# #......^###
...# ##........#
.## ###..###..
##.## #..#


You could see a boulder beetle (corroded) and a komodo dragon.

Vanquished Creatures
  A two-headed ogre (D:8)
  Pikel (D:9)
  A cyclops (D:11)
  A manticore (D:11)
  A komodo dragon (D:10)
  A rime drake (D:9)
  Prince Ribbit (D:9)
  Grinder (D:3)
  A shadow (D:11)
  2 vampires
  2 wyverns
  A wraith (D:10)
  3 yaks (D:10)
  A steam dragon (D:8)
  6 ice beasts
  6 orc warriors
  3 sky beasts
  4 wolves (D:9)
  3 centaurs (D:10)
  An ogre (D:3)
  A kobold brigand (D:9)
  4 lemures (D:9)
  A phantom (D:7)
  4 bullfrogs
  A scorpion (D:5)
  2 gnoll sergeants
  A wight (D:6)
  3 killer bees (D:9)
  An electric eel (D:6)
  3 howler monkeys
  3 hounds
  4 jellies
  Crazy Yiuf (D:2)
  A gnoll bouda (D:5)
  4 orc priests
  A sleepcap (D:6)
  7 iguanas
  Natasha (thrice) (D:2)
  7 orc wizards
  3 mummies (Ossuary)
  11 gnolls
  14 adders
  5 river rats (Sewer)
  A shadow imp (D:5)
  A white imp (D:6)
  3 ufetubi
  4 adder zombies (Ossuary)
  2 worms
  A dart slug (D:1)
  50 orcs
  10 ball pythons
  6 endoplasms
  3 giant cockroaches
  2 goblins (D:1)
  7 hobgoblins
  15 jackals
  4 quokkas
  10 bats
  5 frilled lizards
  5 goblin zombies (Ossuary)
  2 hobgoblin zombies (Ossuary)
  9 kobolds
  4 kobold zombies (Ossuary)
  2 quokka zombies (Ossuary)
  3 rats
  A rat zombie (Ossuary)
276 creatures vanquished.

Vanquished Creatures (collateral kills)
  A shadow (D:9)
  2 yaks (D:10)
  An ice beast (D:9)
  An orc warrior (D:10)
  A kobold brigand (D:7)
  A wight (D:5)
  A killer bee (D:9)
  A howler monkey (D:9)
  An orc wizard (D:7)
  A gnoll (D:5)
  A river rat (Sewer)
  An ufetubus (D:5)
  A worm (Sewer)
  8 orcs
  A bat (Sewer)
  4 kobolds
27 creatures vanquished.

Vanquished Creatures (others)
  A wight (D:5)
  3 knights
  5 ancestors
9 creatures vanquished.

Grand Total: 312 creatures vanquished

Notes
Turn   | Place    | Note
-------+----------+-------------------------------------------
     0 | D:1      | Newt the Merfolk Gladiator began the quest for the Orb.
     0 | D:1      | Reached XP level 1. HP: 16/16 MP: 1/1
   141 | D:1      | Found Ydwyoguh's Armour Emporium.
   169 | D:1      | Reached XP level 2. HP: 22/23 MP: 2/2
   463 | D:1      | Found a faded altar of an unknown god.
   604 | D:1      | Reached XP level 3. HP: 30/30 MP: 3/3
   758 | D:2      | Identified the scarf of Untegax {rC+ rF+, -Cast +Blink
                  | rElec Stlth+}
   874 | D:2      | Noticed Natasha
   883 | D:2      | Killed Natasha
   977 | D:2      | Found a runed translucent door.
   978 | D:2      | Noticed Crazy Yiuf
  1045 | D:2      | Reached XP level 4. HP: 11/38 MP: 4/4
  1655 | D:2      | Noticed Natasha
  1658 | D:2      | Found a snail-covered altar of Cheibriados.
  1665 | D:2      | Killed Natasha
  1666 | D:2      | Reached skill level 5 in Fighting
  1830 | D:2      | Noticed Natasha
  1837 | D:2      | Killed Natasha
  1838 | D:2      | Reached XP level 5. HP: 38/44 MP: 5/5
  1919 | D:2      | Killed Crazy Yiuf
  1920 | D:2      | Reached skill level 5 in Polearms
  1949 | D:3      | Found Zicredd's Book Boutique.
  2108 | D:3      | Gained mutation: Your movements are slightly less
                  | encumbered by armour. (ER -2) [potion of mutation]
  2108 | D:3      | Gained mutation: You are frail. (-10% HP) [potion of
                  | mutation]
  2108 | D:3      | Gained mutation: Your system is resistant to poisons.
                  | (rPois) [potion of mutation]
  2246 | D:3      | Noticed Grinder
  2297 | D:3      | Killed Grinder
  2298 | D:3      | Reached skill level 7 in Polearms
  2298 | D:3      | Reached XP level 6. HP: 18/45 MP: 6/6
  2434 | D:3      | Found Wygize's Weapon Emporium.
  2434 | D:3      | Noticed a +0 demon trident
  2436 | D:3      | Noticed a +0 rapier
  2452 | D:3      | Reached skill level 8 in Polearms
  2452 | D:3      | Reached XP level 7. HP: 16/50 MP: 7/7
  2642 | D:3      | Found Ohotazaal's General Store.
  2645 | D:3      | Bought a scroll of identify for 28 gold pieces
  2645 | D:3      | Bought a potion of degeneration for 14 gold pieces
  2646 | D:3      | Bought a potion of attraction for 42 gold pieces
  2797 | D:4      | Found a transporter.
  2817 | D:4      | Noticed GreenGuy14's ghost (amateur MiGl)
  2824 | D:4      | Found a transporter.
  3016 | D:4      | Found a sand-covered staircase.
  3020 | Ossuary  | Entered an ossuary
  3174 | Ossuary  | Reached skill level 9 in Polearms
  3422 | D:4      | Found a one-way gate to the infinite horrors of the Abyss.
  3590 | D:4      | Identified the ring "Wayptas" {rCorr Int+6 Stlth+}
  3665 | D:4      | Found a staircase to the Ecumenical Temple.
  3701 | Temple   | Entered the Ecumenical Temple
  3720 | Temple   | Became a worshipper of Hepliaklqana the Forgotten
  3978 | D:5      | Entered Level 5 of the Dungeon
  4164 | D:6      | Reached skill level 10 in Polearms
  4250 | D:6      | Reached skill level 5 in Dodging
  4264 | D:6      | Noticed a vampire
  4430 | D:6      | Reached XP level 8. HP: 44/55 MP: 6/8
  4514 | D:6      | Found a glowing drain.
  4521 | Sewer    | Entered a sewer
  4580 | Sewer    | Reached * piety under Hepliaklqana
  5042 | D:6      | Identified a scroll of acquirement
  5042 | D:6      | Acquired 622 gold pieces
  6292 | D:6      | Reached skill level 1 in Shapeshifting
  6292 | D:6      | Reached XP level 9. HP: 56/56 MP: 9/9
  6770 | D:6      | Reached skill level 11 in Polearms
  6991 | D:6      | Reached skill level 12 in Polearms
  7015 | D:7      | Lost mutation: You are frail. (-10% HP) [potion of
                  | mutation]
  7015 | D:7      | Lost mutation: Your system is resistant to poisons. (rPois)
                  | [potion of mutation]
  7015 | D:7      | Lost mutation: Your movements are slightly less encumbered
                  | by armour. (ER -2) [potion of mutation]
  7015 | D:7      | Gained mutation: You are agile. (Dex +4, Str/Int -1)
                  | [potion of mutation]
  7015 | D:7      | Gained mutation: Your flesh is heat resistant. (rF+)
                  | [potion of mutation]
  7015 | D:7      | Gained mutation: Your muscles are strong. (Str +4, Int/Dex
                  | -1) [potion of mutation]
  7015 | D:7      | Gained mutation: You are partially covered in large bone
                  | plates. (SH +4) [potion of mutation]
  7367 | D:7      | Found a shadowy altar of Dithmenos.
  7478 | D:8      | Reached skill level 13 in Polearms
  7510 | D:8      | Noticed a two-headed ogre
  7520 | D:8      | Killed a two-headed ogre
  7521 | D:8      | Reached skill level 14 in Polearms
  7521 | D:8      | Reached XP level 10. HP: 57/69 MP: 8/10
  7594 | D:8      | Reached ** piety under Hepliaklqana
  7595 | D:8      | Remembered your ancestor Numeria as a knight
  8177 | D:9      | Identified the of Ixylim
  8214 | D:9      | Reached skill level 5 in Stealth
  8334 | D:9      | Noticed Prince Ribbit
  8342 | D:9      | Killed Prince Ribbit
  8382 | D:9      | Noticed Pikel
  8385 | D:9      | Found a staircase to the Lair.
  8451 | D:9      | Killed Pikel
  8641 | D:9      | Found a staircase to the Orcish Mines.
  8971 | D:9      | Reached skill level 10 in Fighting
  9039 | D:10     | Entered Level 10 of the Dungeon
  9061 | D:10     | Reached skill level 1 in Evocations
  9180 | D:10     | Reached XP level 11. HP: 52/81 MP: 6/11
  9683 | D:10     | Reached *** piety under Hepliaklqana
 10070 | D:10     | Reached skill level 5 in Evocations
 10070 | D:10     | Reached skill level 1 in Invocations
 10344 | D:11     | Noticed a manticore
 10353 | D:11     | Killed a manticore
 10375 | D:11     | Noticed a cyclops
 10384 | D:11     | Killed a cyclops
 10934 | D:11     | Noticed a boulder beetle
 10980 | D:11     | HP: 4/81 [boulder beetle (20)]
 10990 | D:11     | Slain by a komodo dragon

Illustrated notes

Levels and vault maps discovered:
D:1:      saegor_arrival_under_anarchy, layout_rooms, serial_shops, shop,
          shapermc_ecumenical_altar_venn
D:2:      layout_basic, basic_altar, uniq_crazy_yiuf_cottage, uniq_natasha
D:3:      layout_rooms, serial_shops, nicolae_shop_tiny_real_fake_doors,
          nicolae_shop_mannequins, shop_fountains, minmay_misc_feat_tiny,
          uniq_grinder
D:4:      layout_loops_ring, minmay_temple_entry_glassed_door, serial_bayou,
          serial_bayou_shore_a, serial_bayou_pond_e, serial_bayou_pond_a,
          serial_bayou_pond_d, gammafunk_ghost_abyssal_escape, enter_ossuary_5
D:5:      layout_layer_cave, minmay_splitting_lines,
          amcnicky_mini_rare_corridor_liquid
D:6:      layout_rooms, gup_sewer_entry_bubbles, nrook_pool_corridor,
          kennysheep_generic_room_6
D:7:      layout_rooms, lemuel_coloured_pillars_altar
D:8:      layout_loops_ring
D:9:      layout_basic, hellmonk_lair_entry_icy, nicolae_water_bricks,
          uniq_prince_ribbit1, uniq_pikel
D:10:     layout_roguey [special_room_orc]
D:11:     layout_cave_pods, nicolae_trove_entry_diagonal, uniq_sonja
Temple:   mainiacjoe_temple_circle_huts

Skill      XL: |  1  2  3  4  5  6  7  8  9 10 11 |
---------------+----------------------------------+-----
Fighting       | 3 4 5 6 10 | 10.0
Polearms       | 7 8 10 14 | 14.0
Dodging        | 6 9 |  9.0
Shapeshifting  | 1 3 |  3.7
Stealth        | 2 6 |  6.0
Evocations     | 2 5 |  5.0
Invocations    | 4 |  4.9
Throwing       | |  2.0

Action                     |  1- 3 |  4- 6 |  7- 9 | 10-12 || total
---------------------------+-------+-------+-------+-------++-------
  Melee: Trident           |   102 |    89 |   404 |   356 ||   951
         Spear             |       |       |   145 |       ||   145
         Punch             |       |       |     5 |     4 ||     9
         Tailslap          |       |       |    13 |       ||    13
  Throw: Throwing net      |       |     5 |     2 |     1 ||     8
         Javelin           |       |       |     1 |       ||     1
 Invoke: Ancestor Life: Kn |       |       |       |     1 ||     1
  Evoke: Wand              |       |       |     1 |     1 ||     2
    Use: Scroll            |     3 |     2 |    10 |     2 ||    17
         Potion            |       |     1 |     3 |     5 ||     9
   Stab: Sleeping          |     2 |     1 |    29 |    13 ||    45
         Held in net/web   |       |     1 |       |     2 ||     3
         Distracted        |       |       |     4 |     1 ||     5
 Armour: Leather armour    |    49 |    50 |   227 |    78 ||   404
  Dodge: Dodged            |    63 |    48 |   360 |    83 ||   554
  Block: Other             |       |       |     2 |    16 ||    18

Table legend: (Time is in decaauts)
 A = Elapsed time spent in this place.
 B = Non-inter-level travel time spent in this place.
 C = Inter-level travel time spent in this place.
 D = Time resting spent in this place.
 E = Time spent auto-exploring this place.
 F = Levels seen in this place.
 G = Mean time per level.
                   A        B        C        D        E       F      G
               +--------+--------+--------+--------+--------+-----+--------+
         Total |  10661 |   9939 |    722 |   1594 |   6341 |  14 |  761.5 |
       Dungeon |   9889 |   9204 |    685 |   1502 |   5931 |  11 |  899.0 |
        Temple |     38 |      1 |     37 |      0 |      0 |   1 |   38.0 |
         Sewer |    427 |    427 |      0 |      0 |    311 |   1 |  427.0 |
       Ossuary |    306 |    306 |      0 |     92 |     99 |   1 |  306.0 |
               +--------+--------+--------+--------+--------+-----+--------+

Top non-repeatable levels by time:
    D:10: 1304 daAuts
     D:2: 1294 daAuts
     D:6: 1271 daAuts
     D:5: 1267 daAuts
     D:9: 898 daAuts
     D:3: 842 daAuts
     D:4: 834 daAuts
     D:8: 810 daAuts
     D:1: 666 daAuts
     D:7: 504 daAuts
   Sewer: 427 daAuts
 Ossuary: 306 daAuts
    D:11: 195 daAuts
  Temple: 38 daAuts
